Map: Acropolis LE

Players

Cerdoken

  • Race: Zerg Zerg
  • League: Diamond
  • Spawn Location: 11:00

star - Winner!

  • Race: Protoss Protoss
  • League: Diamond
  • Spawn Location: 5:00

VOD

Have the link to the VOD?

Description

Time

  • Played on: July 9, 2019, 7:57 p.m.
  • Length: 26:54
Show
View Real Time Build Order
Export as new Build Order

Cerdoken Zerg 

Build Orders: Hatch First 

Get SALT Encoding   

  12  0:00  Drone  
  13  0:11  Overlord  
  13  0:16  Drone  
  14  0:30  Drone x2  
  16  0:47  Hatchery  
  15  0:52  Drone  
  15  0:54  Drone  
  17  0:57  Drone  
  18  1:08  Extractor  
  17  1:13  Spawning Pool  
  17  1:18  Drone  
  17  1:19  Drone  
  18  1:27  Drone  
  19  1:38  Drone  
  20  1:55  Drone  
  20  2:00  Hatchery  
  20  2:04  Drone x2  
  20  2:05  Queen  
  24  2:12  Metabolic Boost  
  24  2:19  Overlord  
  24  2:25  Queen  
  24  2:29  Zergling x2  
  27  2:31  Zergling x2  
  28  2:37  Zergling x4  
  28  2:38  Zergling x2  
  31  2:46  Queen  
  31  2:49  Drone  
  31  2:50  Drone  
  35  2:53  Drone  
  35  2:57  Overlord  
  36  3:08  Overlord  
  36  3:12  Queen  
  37  3:30  Drone  
  37  3:31  Drone x8  
  46  3:38  Overlord  
  46  3:41  Drone x3  
  49  3:52  Drone  
  49  3:53  Overlord  
  46  4:26  Lair  
  46  4:29  Roach Warren  
  46  4:30  Extractor x2  
  46  4:31  Drone x4  
  46  4:32  Drone x2  
  49  4:42  Hatchery, Overlord  
  49  4:43  Overlord x2  
  48  4:54  Overlord x4  
  48  5:00  Zergling x10  
  48  5:02  Baneling Nest  
  52  5:13  Roach x9  
  66  5:32  Glial Reconstitution  
  66  5:35  Drone x4  
  70  5:36  Drone x5  
  77  5:51  Roach x4  
  77  5:53  Zergling x4  
  77  5:56  Ravager x2  
  89  6:04  Overseer x2  
  84  6:11  Overseer  
  84  6:15  Overseer  
  82  6:19  Overseer  
  82  6:23  Drone x3  
  82  6:24  Drone x13  
  98  6:37  Centrifical Hooks  
  98  6:38  Zergling x12  
  104  7:10  Zergling x24  
  104  7:13  Pneumatized Carapace  
  112  7:25  Ravager x3  
  115  7:36  Drone x4  
  119  7:38  Hatchery  
  119  7:42  Zergling x2  
  119  7:43  Zergling x6  
  122  7:44  Overlord x3  
  122  7:59  Baneling x13  
  122  8:04  Roach x2  
  125  8:06  Zergling x18  
  122  8:30  Roach x8  
  128  8:38  Zergling x10  
  102  8:50  Roach x4  
  100  8:57  Zergling x2  
  100  9:02  Zergling x2, Ravager x2  
  101  9:03  Zergling x6  
  101  9:08  Extractor  
  103  9:10  Drone, Extractor x2  
  103  9:11  Extractor  
  103  9:15  Drone x2  
  103  9:16  Drone x3  
  106  9:17  Drone  
  106  9:18  Drone  
  106  9:19  Drone  
  106  9:20  Drone x2  
  111  9:32  Hatchery  
  111  9:33  Baneling x11  
  111  9:35  Zergling x14  
  117  9:41  Queen  
  117  9:43  Roach x3  
  126  9:53  Roach x9  
  126  9:55  Overlord x3  
  144  10:11  Hatchery  
  143  10:16  Infestation Pit  
  143  10:18  Roach x6  
  143  10:19  Zergling x22  
  146  10:48  Zergling x4  
  146  10:49  Zergling x32  
  145  10:56  Roach  
  145  10:57  Roach x2  
  113  11:04  Roach  
  113  11:05  Roach  
  107  11:17  Roach x12  
  112  11:24  Roach x2  
  100  11:28  Lair  
  100  11:32  Roach x2  
  102  11:36  Drone  
  99  11:46  Spawning Pool  
  98  11:49  Drone  
  98  11:50  Roach x6  
  106  11:58  Roach x2  
  108  12:05  Drone x4  
  108  12:06  Drone x2  
  103  12:10  Hatchery  
  102  12:33  Hatchery, Drone  
  102  12:34  Drone x2  
  102  12:35  Drone x2  
  106  12:40  Spire  
  106  12:41  Hive  
  105  12:47  Roach x7  
  105  12:48  Roach  
  121  12:53  Ravager x6  
  121  12:54  Ravager  
  121  12:55  Ravager  
  121  12:56  Ravager  
  121  12:58  Ravager  
  131  12:59  Ravager  
  131  13:01  Ravager  
  131  13:03  Queen  
  135  13:08  Queen  
  137  13:16  Zergling x10  
  142  13:35  Zergling x22  
  142  13:38  Drone  
  142  13:39  Drone x2  
  156  14:02  Adrenal Glands  
  156  14:08  Drone x9  
  165  14:10  Overlord x3  
  165  14:11  Overseer  
  165  14:39  Zergling x36  
  165  14:40  Zergling x2  
  168  15:00  Mutalisk x9  
  168  15:03  Mutalisk  
  168  15:05  Mutalisk  
  190  15:07  Mutalisk  
  190  15:11  Baneling  
  190  15:12  Baneling x7  
  190  15:13  Baneling  
  192  15:14  Baneling x2  
  192  15:15  Baneling x2  
  192  15:16  Baneling  
  192  15:17  Baneling x2  
  192  15:18  Baneling  
  192  15:19  Baneling x3  
  192  15:20  Baneling x2  
  192  15:25  Baneling x8  
  126  15:53  Zergling x40  
  91  16:05  Mutalisk  
  91  16:06  Roach x4  
  78  16:27  Greater Spire  
  78  16:32  Queen  
  82  16:40  Roach x5  
  82  16:43  Hatchery  
  89  16:49  Roach  
  89  16:50  Roach x3  
  97  16:58  Overseer  
  97  17:00  Baneling  
  97  17:01  Baneling x11  
  97  17:02  Baneling  
  97  17:03  Ravager  
  97  17:04  Ravager  
  97  17:05  Ravager x2  
  97  17:06  Ravager  
  97  17:07  Ravager  
  103  17:09  Ravager  
  105  17:15  Ravager x3  
  105  17:16  Ravager  
  105  17:17  Baneling x6  
  105  17:19  Baneling x2  
  105  17:20  Baneling  
  105  17:22  Roach  
  110  17:40  Zerg Flyer Weapons Level 1  
  108  17:48  Drone x5  
  108  17:49  Drone x7  
  115  18:14  Drone x4  
  115  18:15  Drone x7  
  126  18:23  Roach x4  
  134  18:33  Pathogen Glands  
  134  18:41  Queen  
  136  18:48  Extractor x2  
  136  18:53  Extractor  
  136  18:55  Extractor  
  132  18:59  Drone  
  132  19:01  Drone x2  
  132  19:02  Drone x3  
  138  19:03  Drone x8  
  146  19:16  Corruptor x4  
  154  19:19  Hatchery  
  153  19:26  Corruptor x2  
  153  19:27  Drone  
  153  19:30  Neural Parasite  
  158  19:39  Corruptor x4  
  162  20:01  Brood Lord x2  
  162  20:06  Drone x10  
  166  20:08  Overlord x3  
  166  20:13  Corruptor x3  
  163  20:25  Drone x3  
  163  20:26  Overlord  
  163  20:27  Overlord x2  
  166  20:29  Brood Lord x2  
  170  20:39  Drone x4  
  170  20:40  Drone x2  
  176  20:53  Hatchery  
  175  20:57  Brood Lord x3  
  175  20:58  Brood Lord  
  175  21:02  Brood Lord  
  157  21:55  Roach x12  
  158  22:06  Overseer  
  146  22:15  Hydralisk Den  
  133  22:18  Roach x17  
  133  22:19  Zergling x4  
  169  22:28  Spore Crawler  
  168  22:30  Spore Crawler x3  
  168  22:33  Drone x2  
  165  22:55  Zergling x2  
  165  22:56  Zergling x42  
  184  23:08  Spore Crawler x2  
  184  23:11  Spore Crawler x2  
  173  23:28  Roach x11  
  173  23:29  Roach  
  197  23:36  Hatchery  
  194  23:47  Corruptor  
  194  23:48  Corruptor x2  
  174  24:15  Ravager x13  
  174  24:16  Ravager x3  
  137  24:24  Roach x4  
  137  24:25  Roach x9  
  145  24:36  Zergling x2  
  145  24:37  Zergling x14  
  132  24:52  Ravager x6  
  140  24:53  Ravager x2  
  140  24:56  Baneling x13  
  140  25:00  Overseer  
  140  25:13  Brood Lord x2  
  144  25:14  Brood Lord  
  144  25:18  Hatchery  
  144  25:21  Extractor  
  144  25:25  Extractor  
  143  25:34  Spore Crawler  
  142  25:35  Spore Crawler  
  137  25:44  Spore Crawler  
  137  25:48  Spore Crawler x2  
  134  25:50  Spore Crawler  
  134  25:51  Spore Crawler  
  134  25:52  Overlord  
  134  25:53  Overlord x4, Spore Crawler  
  127  26:06  Queen  
  127  26:07  Drone  
  127  26:08  Drone x3  
  123  26:23  Corruptor x2  
Show
View Real Time Build Order
Export as new Build Order

star Protoss - Winner!

Build Orders: 1 Gate Expand, Archon Immortal 

Get SALT Encoding   

  12  0:01  Probe  
  13  0:13  Probe  
  14  0:20  Pylon  
  14  0:25  Probe  
  15  0:34  Probe  
  15  0:42  Probe  
  16  0:46  Gateway  
  17  0:52  Probe  
  18  1:02  Assimilator  
  18  1:05  Probe  
  19  1:23  Nexus  
  19  1:34  Cybernetics Core  
  19  1:38  Probe  
  20  1:46  Assimilator  
  20  1:49  Pylon  
  20  1:58  Pylon  
  20  2:00  Probe  
  21  2:11  Adept  
  21  2:12  Warp Gate, Probe  
  23  2:22  Probe  
  25  2:34  Probe  
  26  2:37  Probe, Stalker  
  27  2:44  Robotics Facility  
  27  2:46  Probe  
  27  2:49  Probe  
  31  2:58  Probe  
  31  3:01  Probe  
  33  3:11  Probe  
  34  3:23  Probe, Adept  
  34  3:26  Probe  
  38  3:32  Observer  
  38  3:33  Twilight Council  
  39  3:36  Probe  
  40  3:43  Gateway  
  40  3:45  Gateway  
  40  3:46  Gateway  
  38  4:04  Adept  
  39  4:20  Dark Shrine  
  39  4:25  Adept  
  39  4:27  Probe  
  39  4:28  Assimilator  
  39  4:30  Assimilator  
  42  4:36  Warp Prism  
  42  4:37  Charge  
  44  4:38  Probe  
  44  4:39  Probe  
  44  4:42  Pylon  
  46  4:59  Pylon  
  46  5:00  Probe x2, Pylon  
  48  5:12  Probe x2  
  50  5:24  Probe x2  
  50  5:33  Dark Templar x2  
  50  5:34  Dark Templar x2  
  56  5:36  Probe  
  57  5:43  Immortal  
  57  5:48  Shield Battery  
  61  5:50  Probe  
  61  5:52  Shield Battery  
  61  5:54  Shield Battery, Forge  
  61  5:55  Probe  
  63  6:16  Immortal  
  63  6:18  Pylon  
  63  6:20  Pylon  
  67  6:26  Probe x2  
  69  6:33  Gateway  
  69  6:36  Gateway  
  69  6:39  Archon  
  68  6:43  Protoss Ground Weapons Level 1  
  68  6:46  Gateway  
  68  6:48  Archon  
  68  6:51  Probe  
  68  6:52  Immortal  
  73  7:05  Nexus  
  73  7:08  Pylon  
  73  7:11  Robotics Facility  
  73  7:31  Observer, Probe x2  
  73  7:34  Sentry x5  
  86  7:43  Probe x2  
  88  7:44  Pylon  
  88  7:45  Pylon  
  88  7:47  Pylon  
  88  7:53  Shield Battery x2  
  88  7:55  Probe x2  
  88  7:56  Shield Battery  
  90  7:59  Immortal  
  90  8:03  Immortal  
  98  8:06  Dark Templar  
  98  8:07  Probe, Dark Templar x2  
  105  8:19  Archon  
  105  8:25  Dark Templar  
  103  8:41  Zealot x5  
  95  8:42  Zealot  
  97  8:51  Probe x2  
  99  9:03  Probe  
  99  9:04  Probe, Zealot x3  
  99  9:05  Zealot x3  
  99  9:09  Assimilator  
  113  9:11  Assimilator  
  113  9:12  Immortal x2  
  113  9:14  Probe  
  113  9:15  Probe  
  113  9:16  Probe  
  124  9:23  Pylon  
  124  9:26  Probe  
  124  9:27  Probe  
  124  9:28  Zealot  
  128  9:35  Dark Templar  
  128  9:36  Dark Templar  
  132  9:39  Archon  
  132  9:56  Probe x2  
  134  10:03  Templar Archives  
  134  10:07  Gateway x2  
  134  10:08  Probe, Zealot x3  
  141  10:22  Protoss Ground Weapons Level 2  
  141  10:39  Zealot  
  141  10:40  Zealot x3  
  131  10:52  Zealot x3  
  119  11:01  Zealot x2  
  119  11:02  Zealot x2  
  111  11:10  Zealot x2  
  107  11:19  Dark Templar x2  
  107  11:20  Zealot  
  107  11:23  Probe  
  107  11:25  Pylon  
  112  11:27  Pylon  
  100  11:49  Zealot x2  
  100  11:50  Zealot x2, Dark Templar x3  
  98  12:17  Immortal x2  
  98  12:18  Probe x2, Psionic Storm  
  98  12:21  High Templar x3  
  98  12:22  High Templar x3  
  116  12:23  High Templar x2  
  116  12:28  Archon x3  
  116  12:29  Archon  
  120  12:46  Archon x2  
  120  12:50  Zealot  
  122  12:55  Gateway  
  122  12:56  Nexus  
  122  12:58  Pylon, Gateway x2  
  122  13:00  Gateway  
  122  13:02  Photon Cannon  
  122  13:05  Pylon  
  122  13:08  Pylon  
  122  13:10  High Templar x2, Immortal x2  
  122  13:11  High Templar  
  122  13:12  High Templar x3  
  142  13:25  Photon Cannon  
  142  13:26  Photon Cannon, Pylon  
  142  13:28  Pylon  
  142  13:39  Protoss Ground Weapons Level 3  
  142  13:42  Zealot x3  
  142  13:43  Zealot x3  
  154  14:02  Shield Battery  
  154  14:03  Shield Battery  
  154  14:04  Shield Battery  
  154  14:05  Shield Battery x2  
  154  14:07  Photon Cannon  
  154  14:08  Photon Cannon  
  154  14:10  Shield Battery  
  154  14:12  Shield Battery  
  154  14:14  Assimilator, Photon Cannon x3  
  154  14:16  Shield Battery  
  154  14:17  Shield Battery, Assimilator  
  154  14:18  Photon Cannon  
  154  14:20  High Templar x5  
  164  14:33  Zealot x3  
  164  14:34  Zealot x3  
  176  14:38  Zealot  
  178  14:46  Zealot  
  180  15:06  Stargate  
  180  15:07  Stargate x2  
  180  15:30  Probe  
  181  15:39  Stalker x2  
  177  15:48  Archon x2  
  177  15:49  Zealot x2  
  161  15:50  Stalker x3, Zealot  
  161  15:54  Phoenix x3  
  165  16:08  Blink  
  151  16:33  Pylon  
  151  16:36  Pylon  
  151  16:53  High Templar x3  
  151  16:54  High Templar x3  
  161  16:58  Phoenix x3  
  161  16:59  Nexus  
  169  17:01  Pylon  
  169  17:04  Pylon  
  169  17:09  Pylon  
  169  17:10  Pylon  
  169  17:17  Protoss Ground Armor Level 1  
  169  17:23  Dark Templar x5  
  169  17:26  Dark Templar  
  169  17:29  Zealot  
  183  17:34  Phoenix x2  
  183  17:35  Phoenix  
  189  17:49  Assimilator  
  189  17:54  Shield Battery x2  
  189  17:55  Assimilator  
  189  17:57  Photon Cannon x2  
  189  17:59  Phoenix, Photon Cannon x2  
  189  18:01  Shield Battery  
  189  18:02  Shield Battery  
  189  18:04  Photon Cannon  
  189  18:05  Photon Cannon  
  183  18:31  Phoenix x3  
  189  18:57  Photon Cannon  
  189  18:58  Photon Cannon  
  189  18:59  Photon Cannon  
  189  19:01  Shield Battery  
  189  19:02  Fleet Beacon  
  189  19:04  Stargate  
  189  19:06  Stargate  
  189  19:17  Nexus  
  189  19:18  Pylon  
  189  19:23  Pylon  
  189  19:33  Zealot x4  
  189  19:34  Dark Templar  
  199  20:21  Cybernetics Core  
  197  20:22  Protoss Air Weapons Level 1  
  197  20:56  Shield Battery  
  197  21:01  Shield Battery  
  197  21:03  Photon Cannon x2  
  197  21:05  Assimilator, Photon Cannon  
  197  21:07  Assimilator, Photon Cannon  
  197  21:08  Shield Battery  
  197  21:09  Shield Battery, Photon Cannon  
  197  21:11  Shield Battery  
  197  21:32  Stalker  
  197  21:36  Protoss Ground Armor Level 2  
  169  22:25  Photon Cannon  
  169  22:26  Photon Cannon x2, Gateway  
  169  22:27  Shield Battery  
  169  22:28  Shield Battery  
  169  22:30  Photon Cannon  
  169  22:33  Shield Battery  
  169  22:34  Carrier x3  
  169  22:35  Carrier x2  
  199  23:34  Dark Templar  
  179  24:22  Archon x2  
  179  24:47  Observer x2  
  181  24:57  Robotics Bay  
  181  25:03  Assimilator  
  189  25:20  Nexus  
  171  26:44  Zealot x8  
  171  26:45  Zealot x4  
Tags
 
Add a new tag
Caveats
  • Supply blocks, unpowered buildings, or Contaminate may cause inaccurate times.
  • Supply counts are checked every 10 seconds.